 Dungeon Sprint DCSS version 0.28-a0-390-gb254ac4902 (webtiles) character file.

Game seed: 4068320956425388441

417 jt the Cleaver (level 6, -3/44 (56) HPs)
             Began as a Naga Cinder Acolyte on Sept 4, 2021.
             Was an Elder of Ignis.
             Slain by Sonja (4 damage)
             ... in the Dungeon (Sprint I: "Red Sonja").
             The game lasted 00:02:22 (930 turns).

jt the Cleaver (Naga Cinder Acolyte)                 Turns: 930, Time: 00:02:22

HP:   -3/44 (56)    AC:  3    Str: 19    XL:     6   Next: 92%
MP:   7/7           EV:  9    Int: 14    God:    Ignis [****..]
Gold: 297           SH:  0    Dex:  6    Spells: 5/7 levels left

rFire   + . .      SeeInvis +   a - -1 hand axe (flame)
rCold   . . .      Faith    .   (no shield)
rNeg    . . .      Spirit   .   b - +0 robe
rPois   +          Reflect  .   (no helmet)
rElec   .          Harm     .   (no cloak)
rCorr   .          Rampage  .   (no gloves)
Will    .....      NoTele   +   (no barding)
Stlth   +.........              (no amulet)
HPRegen 0.14/turn               (no ring)
MPRegen 0.10/turn               (no ring)

@: short of breath, heavily drained, very slow
A: AC +2, large, see invisible, deformed body, poison resistance, slowness 2,
spit poison 1, naga tail 1
a: Spit Poison, Renounce Religion, Sea of Fire, Foxfire Swarm, Rising Flame


You were in the Dungeon.
You worshipped Ignis.
Ignis was greatly pleased with you.
You visited 1 branch You collected 297 gold pieces.

Inventory:

Hand Weapons
 a - a -1 hand axe of flaming (weapon)
 g - a +0 scythe
 i - a +2 spectral club
Missiles
 k - 30 stones
 l - 3 atropa-tipped darts
Armour
 b - a +0 robe (worn)
Scrolls
 h - a scroll of blinking
 j - 2 scrolls of identify {unknown}
Potions
 c - a potion of curing
 d - a potion of heal wounds
 e - a potion of haste
 f - 2 potions of magic


   Skills:
 + Level 3.0 Fighting
 - Level 14.0 Axes
 - Level 1.0 Spellcasting
 - Level 3.0 Fire Magic


You had 5 spell levels left.
You knew the following spells:

 Your Spells              Type           Power      Damage    Failure   Level
a - Scorch                Fire           18%        2d6       12%         2

Your spell library contained the following spells:

 Spells                   Type           Power      Damage    Failure   Level


Dungeon Overview and Level Annotations

Branches:
Dungeon (1/1)

Altars:
Cheibriados
Dithmenos
Elyvilon
Fedhas
Gozag
Hepliaklqana
Kikubaaqudgha
Nemelex Xobeh
Okawaru
Qazlal
Ru
Sif Muna
Trog
Uskayaw
Vehumet
Wu Jian
Yredelemnul
Zin
The Shining One

Shops:
D :

Annotations:
D Sonja


Innate Abilities, Weirdness & Mutations

Your serpentine skin is tough. (AC +2)
You have supernaturally acute eyesight. (SInv)
Armour fits poorly on your strangely shaped body.
Your system is resistant to poisons. (rPois)
You cover ground very slowly.
You can spit poison.
You have a snake-like lower body.


Message History

Press: ? - help, v - describe, . - travel
Here: Sonja, wielding a +4 dagger of draining and quivering curare-tipped darts (heavily wounded, strong)
An open door.
You miss Sonja.
Sonja is heavily wounded.
Sonja hits you with a +4 dagger of draining.
You feel drained. Sonja barely misses you.
Sonja hits you with a +4 dagger of draining.
You feel drained.
You barely miss Sonja.
Sonja is heavily wounded.
Sonja gestures wildly while chanting.
Sonja blinks!
You aren't carrying any items that you can evoke.
Okay, then.
You aren't carrying any items that you can evoke.
Unknown command.
Okay, then.
You aren't carrying any items that you can evoke.
Okay, then.
Sonja says, "Someone hired me to kill you, but I'm not supposed to say who."
You closely miss Sonja.
Sonja is heavily wounded.
Sonja casts a spell.
Sonja blinks!
You completely miss Sonja.
Sonja is heavily wounded.
Sonja hits you with a +4 dagger of draining!
You feel drained.
Sonja hits you with a +4 dagger of draining!
You feel drained.
Sonja hits you with a +4 dagger of draining.
* * * LOW HITPOINT WARNING * * *
You feel drained.
* * * LOW HITPOINT WARNING * * *
Flames leap up around you!
Sonja hits you with a +4 dagger of draining!
* * * LOW HITPOINT WARNING * * *
You feel drained.
You die...

################
#<.#.)'..#..'..#
#.['..#..'[.#..+
#..#####'#####'#
#..####..#...#.#
#..#__####..##v#
#..#_____##v#vv+
#⌠⌠#_.∩...'vv@K#
####_..__##vv#v#
#_____###v#v#
####### #.###
$.$ $.$ ##.##
#+#


You could see Sonja (strong, ally target).

Vanquished Creatures
  Sigmund (D)
  A yak (D)
  An ogre (D)
  A jelly (D)
  Ijyb (D)
5 creatures vanquished.

Vanquished Creatures (others)
  A gargoyle (D)
  18 foxfires (D)
19 creatures vanquished.

Grand Total: 24 creatures vanquished

Notes
Turn   | Place    | Note
-------+----------+-------------------------------------------
     0 | D        | jt the Naga Cinder Acolyte began the quest for the Orb.
     0 | D        | Reached XP level 1. HP: 21/21 MP: 2/2
     2 | D        | Noticed Ijyb
     8 | D        | Killed Ijyb
     9 | D        | Reached skill level 6 in Axes
     9 | D        | Reached XP level 2. HP: 7/28 MP: 3/3
   239 | D        | Noticed an ogre
   242 | D        | Killed an ogre
   243 | D        | Reached skill level 9 in Axes
   243 | D        | Reached XP level 3. HP: 30/34 MP: 4/4
   243 | D        | Reached XP level 4. HP: 37/42 MP: 5/5
   354 | D        | Killed a gargoyle
   363 | D        | Noticed Sigmund
   371 | D        | Killed Sigmund
   372 | D        | Reached skill level 12 in Axes
   372 | D        | Reached XP level 5. HP: 18/49 MP: 6/6
   372 | D        | Reached XP level 6. HP: 21/56 MP: 7/7
   576 | D        | Found a shimmering blue altar of Sif Muna.
   577 | D        | Found an ornate altar of the Wu Jian Council.
   578 | D        | Found a radiant altar of Vehumet.
   590 | D        | Learned a level 2 spell: Scorch
   772 | D        | Found Tokem's Book Emporium.
   772 | D        | Found an ancient bone altar of Kikubaaqudgha.
   772 | D        | Found a hazy altar of Hepliaklqana.
   772 | D        | Found a stormy altar of Qazlal.
   772 | D        | Found a hide-covered altar of Uskayaw.
   772 | D        | Found a blossoming altar of Fedhas.
   772 | D        | Found a bloodstained altar of Trog.
   772 | D        | Found an iron altar of Okawaru.
   772 | D        | Found a basalt altar of Yredelemnul.
   772 | D        | Found a glowing golden altar of the Shining One.
   772 | D        | Found a snail-covered altar of Cheibriados.
   772 | D        | Found a sacrificial altar of Ru.
   772 | D        | Found a glowing silver altar of Zin.
   772 | D        | Found a shadowy altar of Dithmenos.
   772 | D        | Found a white marble altar of Elyvilon.
   772 | D        | Noticed a yak
   786 | D        | Killed a yak
   787 | D        | Reached skill level 14 in Axes
   787 | D        | Found an opulent altar of Gozag.
   788 | D        | Found a sparkling altar of Nemelex Xobeh.
   920 | D        | Noticed Sonja
   930 | D        | HP: 1/46 [Sonja (12)]
   930 | D        | Slain by Sonja

Illustrated notes

Levels and vault maps discovered:
D:        dungeon_sprint_1 [red_sonja_temple_1, red_sonja_temple_small_1]

Skill      XL: |  1  2  3  4  5  6 |
---------------+-------------------+-----
Axes           | 6 9 12 14 | 14.0
Fighting       | |  3.0
Spellcasting   | |  1.0
Fire Magic     | |  3.0

Action                   |  1- 3 |  4- 6 || total
-------------------------+-------+-------++-------
Melee: Hand axe          |     5 |    25 ||    30
 Cast: Scorch            |       |     3 ||     3
Invok: Foxfire Swarm     |     1 |     3 ||     4
 Abil: Spit Poison       |     2 |     1 ||     3
  Use: Potion            |     1 |       ||     1
Armor: Robe              |       |     2 ||     2
Dodge: Dodged            |       |     4 ||     4

Table legend: (Time is in decaauts)
 A = Elapsed time spent in this place.
 B = Non-inter-level travel time spent in this place.
 C = Inter-level travel time spent in this place.
 D = Time resting spent in this place.
 E = Time spent auto-exploring this place.
 F = Levels seen in this place.
 G = Mean time per level.
                   A        B        C        D        E       F      G
               +--------+--------+--------+--------+--------+-----+--------+
         Total |    967 |    967 |      0 |    795 |      0 |   1 |  967.0 |
       Dungeon |    967 |    967 |      0 |    795 |      0 |   1 |  967.0 |
               +--------+--------+--------+--------+--------+-----+--------+

Top non-repeatable levels by time:
       D: 967 daAuts
